Map: Curious Minds LE

Players

Astrea

  • Race: Protoss Protoss
  • League: Master

Lambo - Winner!

  • Race: Zerg Zerg

Event: DreamHack SC2 Masters Last Chance 2022

VOD

Have the link to the VOD?

Description

Time

  • Played on: Dec. 19, 2021, 8:17 p.m.
  • Length: 13:04

All games in this series

Show
View Real Time Build Order
Export as new Build Order

Astrea Protoss 

Build Orders:  

Get SALT Encoding   

  12  0:00  Probe  
  13  0:12  Probe  
  14  0:17  Pylon  
  14  0:24  Probe  
  15  0:36  Probe  
  15  0:38  Gateway  
  16  0:48  Probe  
  17  0:54  Gateway  
  17  1:01  Probe  
  18  1:05  Assimilator  
  18  1:13  Probe  
  19  1:19  Pylon  
  19  1:25  Zealot, Probe  
  22  1:33  Cybernetics Core  
  22  1:37  Probe  
  25  1:49  Zealot (Chrono Boost)  
  25  1:50  Zealot (Chrono Boost)  
  27  1:56  Pylon  
  27  2:08  Adept (Chrono Boost)  
  27  2:10  Adept (Chrono Boost)  
  27  2:14  Warp Gate  
  30  2:30  Adept  
  32  2:37  Adept  
  32  3:01  Nexus  
  32  3:05  Probe  
  31  3:17  Probe  
  31  3:19  Adept  
  30  3:28  Stalker  
  30  3:29  Probe  
  30  3:32  Assimilator  
  31  3:41  Probe  
  31  3:45  Pylon  
  32  3:51  Pylon  
  32  4:08  Stargate  
  32  4:09  Probe (Chrono Boost)  
  33  4:10  Adept x2  
  33  4:13  Probe (Chrono Boost)  
  38  4:21  Probe (Chrono Boost)  
  38  4:23  Probe (Chrono Boost)  
  40  4:25  Probe (Chrono Boost)  
  40  4:28  Probe (Chrono Boost)  
  42  4:32  Adept  
  42  4:34  Adept  
  42  4:35  Probe  
  47  4:40  Probe  
  48  4:47  Probe  
  48  4:51  Pylon  
  48  4:52  Probe, Oracle (Chrono Boost)  
  53  4:59  Probe  
  54  5:06  Pylon  
  54  5:07  Twilight Council  
  54  5:09  Probe  
  54  5:11  Probe  
  56  5:21  Gateway, Probe  
  56  5:23  Gateway  
  56  5:24  Probe  
  58  5:33  Probe  
  55  5:36  Adept  
  55  5:37  Adept  
  55  5:41  Void Ray (Chrono Boost)  
  55  5:42  Shield Battery  
  57  5:43  Pylon x2  
  53  6:01  Probe  
  53  6:03  Probe  
  49  6:05  Shield Battery  
  38  6:13  Probe, Pylon  
  38  6:17  Adept  
  41  6:21  Adept  
  41  6:25  Probe  
  34  6:50  Cybernetics Core  
  34  6:58  Zealot  
  34  7:00  Zealot  
  40  7:27  Pylon  
  40  7:30  Pylon  
  36  7:40  Zealot  
  38  7:46  Adept  
  38  7:48  Probe  
  41  8:03  Pylon x2  
  42  8:08  Adept x2  
  45  8:23  Nexus  
  45  8:30  Probe (Chrono Boost)  
  45  8:33  Pylon  
  47  8:42  Probe (Chrono Boost)  
  47  8:48  Probe (Chrono Boost)  
  47  8:52  Sentry  
  47  8:53  Adept  
  52  8:56  Probe  
  53  9:08  Probe  
  53  9:20  Probe  
  54  9:25  Templar Archives  
  54  9:32  Probe  
  54  9:35  Probe  
  56  9:44  Probe, Shield Battery  
  57  9:48  Probe  
  58  9:56  Probe  
  59  10:00  Probe, High Templar  
  59  10:01  High Templar  
  59  10:04  Archon  
  64  10:07  Robotics Facility  
  64  10:08  Probe  
  64  10:12  Assimilator  
  64  10:13  Assimilator  
  65  10:30  Gateway  
  65  10:32  Gateway  
  65  10:35  High Templar x2  
  69  10:40  Archon  
  69  10:42  Pylon  
  69  10:51  Pylon  
  69  10:58  Observer  
  69  11:00  Robotics Bay  
  70  11:07  Adept x2  
  73  11:20  Probe x2  
  73  11:24  Immortal (Chrono Boost)  
  78  11:32  Zealot  
  80  11:43  Probe x2  
  82  11:50  Nexus, High Templar x2  
  82  11:53  Pylon  
  86  11:54  Disruptor (Chrono Boost)  
  86  11:57  Pylon  
  86  12:00  Archon  
  90  12:02  High Templar x2  
  90  12:07  Archon  
  93  12:19  Disruptor (Chrono Boost)  
  96  12:24  Shield Battery x2  
  78  12:31  Zealot x2  
  75  12:40  Zealot x2  
  67  12:45  Probe  
Show
View Real Time Build Order
Export as new Build Order

Lambo Zerg - Winner!

Build Orders: Hatch First 

Get SALT Encoding   

  12  0:00  Drone  
  13  0:13  Overlord  
  13  0:17  Drone  
  14  0:31  Drone x2  
  16  0:43  Drone  
  17  0:51  Hatchery  
  17  0:54  Drone  
  17  0:59  Drone  
  18  1:09  Extractor  
  17  1:14  Spawning Pool  
  17  1:16  Drone  
  17  1:20  Drone  
  18  1:30  Drone  
  19  1:44  Overlord  
  19  2:01  Queen  
  19  2:04  Zergling x4, Queen  
  19  2:05  Zergling x2  
  26  2:10  Metabolic Boost  
  26  2:13  Zergling x2  
  27  2:16  Spine Crawler  
  27  2:18  Zergling x2  
  27  2:24  Zergling x2  
  27  2:27  Zergling x2  
  29  2:34  Zergling x2, Spine Crawler  
  29  2:38  Zergling x2  
  29  2:45  Zergling x2  
  29  2:49  Zergling x2  
  28  2:51  Queen  
  28  2:56  Zergling x2  
  31  2:58  Zergling x2  
  31  3:05  Zergling x2  
  32  3:08  Zergling x2  
  33  3:18  Zergling x2  
  33  3:23  Zergling x2  
  33  3:26  Zergling x2  
  33  3:29  Zergling x2  
  33  3:38  Zergling x2  
  33  3:39  Zergling x4  
  35  3:42  Overlord  
  35  3:52  Hatchery  
  35  3:53  Drone x2  
  36  4:00  Overlord  
  36  4:01  Drone  
  36  4:07  Drone  
  36  4:08  Drone  
  36  4:12  Drone  
  37  4:21  Baneling Nest  
  36  4:28  Zergling x14  
  36  4:30  Zergling x2  
  45  4:34  Zergling x2  
  45  4:36  Zergling x2  
  47  4:41  Zergling x2  
  48  4:47  Zergling x6  
  51  4:54  Overlord  
  51  5:02  Overlord  
  51  5:05  Baneling x4  
  51  5:06  Baneling  
  51  5:12  Zergling x4  
  53  5:16  Zergling x2  
  53  5:17  Baneling  
  53  5:18  Zergling x2  
  55  5:21  Zergling x2  
  55  5:23  Zergling x2  
  55  5:26  Baneling  
  57  5:28  Zergling x2  
  56  5:36  Zergling x6  
  56  5:38  Zergling x2  
  56  5:42  Baneling  
  57  5:44  Zergling x4  
  56  5:50  Zergling x2  
  56  5:51  Zergling x2  
  56  5:52  Baneling  
  56  5:55  Zergling x2  
  54  5:57  Zergling x2  
  54  6:01  Zergling x2  
  53  6:04  Zergling x2  
  53  6:07  Zergling x2  
  53  6:11  Zergling x4  
  55  6:13  Baneling x2  
  55  6:20  Zergling x4  
  55  6:23  Zergling x2  
  54  6:27  Zergling x2  
  51  6:36  Queen  
  51  6:38  Zergling x4  
  50  6:43  Drone  
  51  6:47  Baneling x4  
  51  6:52  Drone x2  
  51  6:55  Zergling x2  
  51  6:57  Drone  
  53  7:04  Zergling x6  
  55  7:12  Drone x3  
  58  7:15  Baneling  
  58  7:16  Baneling  
  58  7:19  Zergling x4  
  58  7:23  Zergling x2  
  58  7:24  Zergling x2  
  58  7:29  Zergling x2  
  60  7:35  Drone x2  
  58  7:39  Zergling x6  
  56  7:47  Zergling x2  
  56  7:50  Zergling x2  
  52  7:59  Drone x4  
  52  8:01  Queen  
  52  8:05  Spore Crawler  
  57  8:07  Drone  
  57  8:22  Hatchery  
  57  8:25  Drone, Spore Crawler  
  56  8:31  Drone x2  
  56  8:33  Drone  
  59  8:43  Overlord  
  59  8:45  Drone  
  59  8:47  Drone  
  60  8:55  Zergling x12  
  60  9:01  Zergling x2  
  60  9:02  Zergling x4  
  62  9:09  Zergling x4  
  58  9:18  Drone x2  
  59  9:27  Drone x3, Queen  
  59  9:28  Drone  
  65  9:33  Drone  
  65  9:35  Spore Crawler  
  65  9:36  Lair  
  65  9:38  Extractor  
  65  9:39  Drone x2  
  65  9:40  Roach Warren  
  65  9:42  Drone  
  65  9:43  Drone  
  67  9:46  Drone x2  
  67  9:49  Drone  
  71  9:52  Drone  
  71  9:55  Drone x2  
  71  9:57  Drone  
  71  9:59  Extractor  
  73  10:00  Drone  
  74  10:07  Drone, Extractor  
  74  10:08  Overlord  
  74  10:09  Overlord  
  74  10:10  Overlord  
  74  10:12  Overlord  
  74  10:22  Extractor  
  74  10:24  Overlord  
  74  10:25  Overlord  
  74  10:26  Overlord  
  72  10:30  Drone  
  72  10:31  Drone x2  
  72  10:32  Roach x3  
  72  10:34  Roach  
  82  10:37  Roach  
  82  10:39  Glial Reconstitution  
  84  10:43  Roach  
  84  10:48  Roach x3  
  92  10:52  Drone x2  
  92  10:54  Baneling  
  92  10:56  Ravager x2  
  98  10:57  Roach x2  
  98  11:02  Roach x2  
  104  11:05  Baneling x2  
  104  11:06  Zergling x2, Roach  
  107  11:11  Roach x2  
  107  11:16  Overlord  
  107  11:17  Zergling x2  
  110  11:20  Zergling x2, Roach  
  113  11:26  Zergling x8  
  115  11:33  Drone x4  
  118  11:41  Roach x3  
  118  11:46  Roach x2  
  128  11:47  Ravager x4  
  128  11:52  Roach x2  
  135  11:58  Roach  
  135  11:59  Overlord  
  135  12:01  Baneling x4  
  137  12:07  Overlord  
  137  12:10  Baneling x7  
  137  12:12  Overlord  
  137  12:13  Zergling x2  
  137  12:20  Roach  
  137  12:21  Roach x3  
  139  12:24  Zergling x8  
  139  12:29  Zergling x6  
  127  12:32  Roach  
  126  12:39  Hatchery  
  126  12:43  Zergling x2  
  126  12:44  Zergling x8  
  120  12:47  Zergling x4  

Tags
 
Add a new tag
Caveats
  • Supply blocks, unpowered buildings, or Contaminate may cause inaccurate times.
  • Supply counts are checked every 10 seconds.